AoeStats
← aDT_The Night Panda

Nomad

503132321Analyzed
4v4 RM · 1mo ago on Aug 30, 2026· 29m 43s· 8 players
Game mode
Random Map
Map size
231×231
Population
200
Speed
Normal
Resources
Standard
Victory
Conquest
Starting age
Dark Age
Ending age
Imperial Age
RankedLock teamsTeams togetherTeam positionsShared explorationLock speedFull tech treeHidden civsTurbo modeCheats
Victory
Defeat
🇻🇳 Hindustanis · Vietnam
1867
+8
🇨🇳 Jurchens · China
1744
+12
🇹🇼 Muisca · Taiwan
1672
+16
🇻🇳 Vikings · Vietnam
1427
+25
🇩🇰 Huns · Denmark
1699
-17
🇨🇿 Burgundians · Czechia
1686
-16
🇨🇦 Khitans · Canada
1642
-14
🇩🇪 Burmese · Germany
1629
-14
Sunny Day
5:09 Loom
16:09 Feudal Age
19:54 Castle Age
18:17 Double-Bit Axe
18:55 Fletching
28:04 Bow Saw
28:45 Bodkin Arrow
iLikeToWin
5:10 Loom
13:23 Feudal Age
17:13 Castle Age
15:21 Double-Bit Axe
15:51 Gold Mining
15:59 Fishing Lines
16:26 Town Watch
17:19 Wheelbarrow
17:54 Gillnets
18:22 Bow Saw
19:00 Medium Warships
20:10 Stone Mining
20:44 Forging
22:28 Gold Shaft Mining
24:56 Stone Shaft Mining
24:31 Horse Collar
26:29 Scale Barding Armor
27:41 Husbandry
27:52 Bloodlines
30:09 Hand Cart
十大地方
13:03 Feudal Age
13:39 Loom
14:41 Loom
17:23 Castle Age
15:12 Double-Bit Axe
16:56 Fletching
18:07 Bodkin Arrow
18:24 Bow Saw
20:51 Gold Mining
22:49 Wheelbarrow
22:02 Town Watch
23:37 Ballistics
23:20 Husbandry
27:59 Padded Archer Armor
29:36 Bloodlines
Secretary E
9:40 Loom
12:23 Feudal Age
16:13 Castle Age
14:30 Fishing Lines
15:23 Fletching
16:04 Double-Bit Axe
26:16 Gillnets
27:31 Medium Warships
Velky kanec
4:38 Loom
13:36 Feudal Age
12:48 Double-Bit Axe
17:22 Castle Age
15:36 Bow Saw
16:22 Fishing Lines
18:03 Wheelbarrow
17:24 Gold Mining
19:18 Two-Man Saw
19:19 Medium Warships
24:23 Horse Collar
29:49 Scale Barding Armor
Hisoka69
7:08 Loom
WonderHD11
4:48 Loom
13:28 Feudal Age
17:11 Castle Age
19:05 Scale Barding Armor
20:05 Double-Bit Axe
23:41 Chain Barding Armor
23:59 Medium Warships
25:07 Bow Saw
26:45 Wheelbarrow
aDT_The Night Panda
4:50 Loom
9:04 Loom
13:56 Feudal Age
14:30 Double-Bit Axe
20:33 Castle Age
19:44 Town Watch
19:53 Fletching
21:32 Medium Warships
21:44 Bow Saw
22:48 Fishing Lines
23:45 Wheelbarrow
24:26 Bodkin Arrow
26:03 Gillnets
26:31 Horse Collar
Connection lost

Rejoining the realm…

Still unreachable

The connection could not be restored.

Session expired

The server has moved on; the page needs a fresh start.